 Dungeon Crawl Stone Soup version 0.29-a0-323-g050149af67 (webtiles) character file.

Game seed: 4223132215742570624

13286 avis the Brawler (level 12, -4/115 HPs)
             Began as a Hill Orc Monk on Apr 10, 2022.
             Was a Priest of Beogh.
             Slain by a minotaur
             ... wielding a +0 dire flail
              (24 damage)
             ... in a Gauntlet on Apr 11, 2022.
             The game lasted 01:22:07 (12994 turns).

avis the Brawler (Hill Orc Monk)                   Turns: 12994, Time: 01:22:09

Health: -4/115     AC: 12    Str: 21      XL:     12   Next: 4%
Magic:  12/15      EV: 13    Int: 17      God:    Beogh [***...]
Gold:   370        SH:  6    Dex: 23 (24) Spells: 11/11 levels left

rFire   + . .      SeeInvis .     - Unarmed
rCold   x . .      Faith    .   y - +0 buckler
rNeg    . . .      Spirit   .   O - +2 robe of the Enormous God {*Slow rCorr Str+2 Dex+4}
rPois   .          Reflect  .   (no helmet)
rElec   +          Harm     .   (no cloak)
rCorr   +          Rampage  .   h - +2 pair of gloves
Will    .....      NoTele   +   n - +0 pair of boots
Stlth   ++........              t - amulet of regeneration
HPRegen 1.09/turn               k - ring "Deacrese" {Fire rElec Int+7 Dex+7}
MPRegen 0.14/turn               F - +4 ring of protection

@: studying Throwing
A: no striking features
a: Renounce Religion, Smiting


You were in a Gauntlet.
You worshipped Beogh.
Beogh was most pleased with you.
You visited 3 branches of the dungeon, and saw 12 of its levels.
You also visited: Ossuary and Gauntlet.

You collected 633 gold pieces.
You spent 263 gold pieces at shops.

Inventory:

Hand Weapons
 d - a +0 spear
Missiles
 l - 5 throwing nets
 x - 2 javelins
 E - 13 poisoned darts
 I - 10 curare-tipped darts
 K - 3 boomerangs
Armour
 c - a +0 buckler
 h - a +2 pair of gloves (worn)
 n - a +0 pair of boots (worn)
 y - a +0 buckler (worn)
 O - the +2 robe of the Enormous God (worn) {*Slow rCorr Str+2 Dex+4}
   (You bought it in a shop on level 4 of the Dungeon)

   Str:       It affects your strength (+2).
   Dex:       It affects your dexterity (+4).
   rCorr:     It protects you from acid and corrosion.
   *Slow:     It may slow you when you take damage.
Magical Staves
 e - a staff of death
Jewellery
 b - a ring of ice
 f - a ring of see invisible
 k - the ring "Deacrese" (left hand) {Fire rElec Int+7 Dex+7}
   (You found it in a Gauntlet)

   [ring of fire]

   It enhances your fire magic.
   Int:       It affects your intelligence (+7).
   Dex:       It affects your dexterity (+7).
   rF:        It protects you from fire.
   rC:        It makes you vulnerable to cold.
   rElec:     It insulates you from electricity.
 t - an amulet of regeneration (around neck)
 F - a +4 ring of protection (right hand)
 T - a +4 ring of evasion
Wands
 u - a wand of flame (11)
 z - a wand of mindburst (16)
 A - a wand of acid (17) (quivered)
 M - a wand of iceblast (8)
Scrolls
 i - 2 scrolls of summoning {unknown}
 q - 3 scrolls of brand weapon {unknown}
 r - 2 scrolls of enchant weapon {unknown}
 D - 5 scrolls of teleportation
 N - 3 scrolls of blinking
 P - a scroll of amnesia {unknown}
 U - 2 scrolls of noise {unknown}
 V - 2 scrolls of magic mapping
Potions
 g - 2 potions of curing
 j - 3 potions of flight
 C - 3 potions of mutation {unknown}
 H - 2 potions of might {unknown}
 J - 3 potions of cancellation {unknown}
 Q - a potion of ambrosia
 R - a potion of invisibility {unknown}
 S - 3 potions of haste {unknown}
 W - a potion of magic {unknown}
 Y - a potion of resistance {unknown}


   Skills:
 + Level 13.2 Fighting
 - Level 3.0 Armour
 - Level 3.0 Dodging
 - Level 1.5 Stealth
 - Level 4.0 Shields
 * Level 15.7 Unarmed Combat
 - Level 5.0 Invocations


You had 11 spell levels left.
You didn't know any spells.
Your spell library contained the following spells:

 Spells                   Type           Power      Damage    Failure   Level
 Call Canine Familiar     Summ           0%         N/A       65%         3
 Portal Projectile        Hex/Tloc       0%         N/A       65%         3
 Tukima's Dance           Hex            0%         N/A       65%         3
 Anguish                  Hex/Necr       0%         N/A       96%         4
 Leda's Liquefaction      Hex/Erth       0%         N/A       96%         4
 Enfeeble                 Hex            0%         N/A       100%        7
 Borgnjor's Revivificati  Necr           0%         N/A       100%        8
 Necromutation            Tmut/Necr      0%         N/A       100%        8
 Death's Door             Necr           0%         N/A       100%        9


Dungeon Overview and Level Annotations

Branches:
Dungeon (9/15)             Temple (1/1) D:7            Lair (2/6) D:9
Ossuary (visited)         Gauntlet (1/1)
  Swamp: Lair:2-4    Shoals: Lair:2-4     Snake: Lair:2-4    Spider: Lair:2-4
    Orc: D:9-12

Altars:
Elyvilon
Hepliaklqana
Nemelex Xobeh
Okawaru
Sif Muna
Vehumet

Shops:
D:4 [   D:8 ==*(

Annotations:
D:5 Sif Muna books Gauntlet 6 transporters, exclusion: obsidian statue


Message History

The minotaur throws a javelin.
The javelin pierces through you!!
The minotaur hits you with a +0 dire flail!!
The minotaur gores you.
You punch the minotaur!
The minotaur is moderately wounded.
The minotaur hits you with a +0 dire flail!!
The minotaur closely misses you.
You pummel the minotaur!!
The minotaur is heavily wounded.
The minotaur hits you with a +0 dire flail!
* * * LOW HITPOINT WARNING * * *
The minotaur gores you!
* * * LOW HITPOINT WARNING * * *
You feel much better. You block the minotaur's attack. x2
You hit the minotaur but do no damage.
The minotaur is heavily wounded.
You punch the minotaur!
The minotaur is heavily wounded.
The minotaur drinks a potion.
The minotaur is healed!
You hit the minotaur but do no damage.
The minotaur is heavily wounded.
The minotaur hits you with a +0 dire flail.
The minotaur gores you but does no damage.
You hit the minotaur.
The minotaur is heavily wounded.
The minotaur hits you with a +0 dire flail!
* * * LOW HITPOINT WARNING * * *
The minotaur gores you.
* * * LOW HITPOINT WARNING * * *
You feel much better.
The minotaur hits you with a +0 dire flail!!
* * * LOW HITPOINT WARNING * * *
The minotaur gores you but does no damage.
Aiming: Smiting
Press: ? - help, Dir - move target, f - minotaur Smite: a minotaur, wielding a +0 dire flail, wearing a +0 plate armour and quivering javelins (heavily wounded)
You smite the minotaur!
The minotaur is severely wounded.
The minotaur hits you with a +0 dire flail!!
You die...

#..######
#..≈##..###
#..###..#..
#..≈##..#.######
#..###..#.#....####
#..#....#.#.##....#
#..#©...#...#####.#
.∩.#....#.###⌠.⌠#.#
...#......# #.∩H@.#
#..#©...#.# #⌠.⌠#.#
#..#....#.# #####.#
#..###..#.# ..#
#§.≈##..#.# ###
#..###..#.#
#..≈##..#..
#..###.. ## #..≈#


You could see a minotaur.

Vanquished Creatures
  A hydra (Lair:1)
  A two-headed ogre (D:8)
  A tengu warrior (Gauntlet)
  The ghost of Psyclone the Fighter, a novice DEIE of Gozag (D:8)
  Amaemon (D:9)
  An eye of devastation (Gauntlet)
  An orange demon (Lair:1)
  2 cane toads (Lair:1)
  A kobold demonologist (D:9)
  A komodo dragon (D:7)
  A hornet (D:9)
  A wyvern (D:6)
  A wraith (D:9)
  19 yaks
  A steam dragon (D:6)
  An acid dragon (D:9)
  A floating eye (Gauntlet)
  A water moccasin (Lair:1)
  Duvessa (D:7)
  An ice beast (D:5)
  2 orc warriors (D:9)
  4 black bears
  An ogre (D:7)
  9 wolves (Lair:1)
  A centaur (D:9)
  2 phantoms
  6 bullfrogs
  2 kobold brigands (D:8)
  4 gnoll sergeants
  9 scorpions
  A necrophage (D:8)
  16 wights
  Dowan (D:6)
  5 killer bees (D:8)
  A howler monkey (D:5)
  A human zombie (Ossuary)
  3 jellies (D:2)
  2 orc priests (D:9)
  2 gnoll shamans (D:8)
  2 iguanas
  2 scorpion zombies (Ossuary)
  2 orc wizards
  3 mummies (Ossuary)
  23 gnolls
  7 adders
  A shadow imp (D:8)
  2 ufetubi
  A worm (D:2)
  6 dart slugs
  13 orcs
  7 bats
  11 endoplasms
  4 giant cockroaches
  2 gnoll zombies (Ossuary)
  9 goblins
  9 hobgoblins
  3 jackals (D:4)
  3 quokkas
  10 ball pythons
  4 frilled lizards
  2 goblin zombies (Ossuary)
  2 hobgoblin zombies (Ossuary)
  22 kobolds
  4 kobold zombies (Ossuary)
  9 orc zombies (Ossuary)
  8 rats
282 creatures vanquished.

Vanquished Creatures (others)
  An orc (D:8)
  10 fungi
  8 plants
  5 toadstools (D:2)
24 creatures vanquished.

Grand Total: 306 creatures vanquished

Notes
Turn   | Place    | Note
-------+----------+-------------------------------------------
     0 | D:1      | avis the Hill Orc Monk began the quest for the Orb.
     0 | D:1      | Reached XP level 1. HP: 19/19 MP: 1/1
   146 | D:1      | Reached XP level 2. HP: 22/27 MP: 2/2
   386 | D:1      | Reached skill level 4 in Unarmed Combat
   490 | D:1      | Reached XP level 3. HP: 23/33 MP: 3/3
  1398 | D:2      | Found a faded altar of an unknown god.
  1455 | D:2      | Reached skill level 5 in Unarmed Combat
  1455 | D:2      | Reached XP level 4. HP: 15/41 MP: 4/4
  1871 | D:2      | You fall into a shaft and drop 1 floor!
  2262 | D:2      | Reached skill level 1 in Armour
  2262 | D:2      | Reached XP level 5. HP: 14/47 MP: 5/5
  2493 | D:2      | Reached skill level 5 in Fighting
  2997 | D:3      | Reached skill level 6 in Unarmed Combat
  3012 | D:3      | Found an iron altar of Okawaru.
  3080 | D:3      | Reached XP level 6. HP: 56/56 MP: 6/6
  3556 | D:4      | Reached skill level 1 in Shields
  3954 | D:4      | Found Tuti's Antique Armour Shop.
  4002 | D:4      | Reached XP level 7. HP: 50/62 MP: 7/7
  4410 | D:4      | Bought a heavy robe for 131 gold pieces
  4410 | D:4      | Identified the +2 robe of the Enormous God {*Slow rCorr
                  | Str+2 Dex+4} (You bought it in a shop on level 4 of the
                  | Dungeon)
  4446 | D:5      | Entered Level 5 of the Dungeon
  4608 | D:5      | Found a sand-covered staircase.
  4615 | Ossuary  | Entered an ossuary
  4841 | Ossuary  | Reached skill level 7 in Unarmed Combat
  4967 | Ossuary  | Reached XP level 8. HP: 60/73 MP: 8/8
  5414 | D:5      | Reached skill level 8 in Unarmed Combat
  5655 | D:5      | Found a shimmering blue altar of Sif Muna.
  6266 | D:6      | Found a radiant altar of Vehumet.
  6566 | D:6      | Noticed a yak
  6566 | D:6      | Noticed a yak
  6580 | D:6      | Noticed a yak
  6581 | D:6      | Killed a yak
  6581 | D:6      | Noticed a yak
  6582 | D:6      | Reached skill level 9 in Unarmed Combat
  6582 | D:6      | Reached XP level 9. HP: 69/82 MP: 9/9
  6598 | D:6      | Reached skill level 10 in Unarmed Combat
  6982 | D:6      | Identified the +8 dagger of Dried Tears {flame, *Noise
                  | rN+++ Int+7}
  7003 | D:7      | Noticed Dowan
  7010 | D:7      | Noticed Duvessa
  7286 | D:6      | Reached skill level 11 in Unarmed Combat
  7427 | D:7      | Killed Duvessa
  7428 | D:7      | Reached skill level 10 in Fighting
  7535 | D:6      | Killed Dowan
  7625 | D:7      | Found a staircase to the Ecumenical Temple.
  7650 | Temple   | Entered the Ecumenical Temple
  7723 | D:7      | Reached XP level 10. HP: 66/94 MP: 10/10
  7951 | D:7      | Identified the +1 leather armour of Action {Str+4}
  8029 | D:7      | Identified the +1 scale mail of the Dolphin {rC++}
  8434 | D:8      | Found Vugasiez's Jewellery Boutique.
  8463 | D:8      | Reached skill level 12 in Unarmed Combat
  8610 | D:8      | Found a hazy altar of Hepliaklqana.
  8625 | D:8      | Became a worshipper of Beogh the Brigand
  8625 | D:8      | Reached * piety under Beogh
  8625 | D:8      | Reached ** piety under Beogh
  8639 | D:8      | Found Giupn's Jewellery Shop.
  8712 | D:8      | Identified the amulet "Yrutom" {Acrobat rF+ Will+}
  8763 | D:8      | Found a transporter.
  8769 | D:8      | Found a transporter.
  8822 | D:8      | Found Ucall's Weapon Shoppe.
  8958 | D:8      | Found Ahawn's General Store.
  9098 | D:8      | Noticed a two-headed ogre
  9106 | D:8      | Killed a two-headed ogre
  9469 | D:8      | Reached skill level 13 in Unarmed Combat
  9613 | D:8      | Noticed Psyclone's ghost (novice DEIE)
 10095 | D:9      | Found a staircase to the Lair.
 10170 | D:9      | Paralysed by a hornet for 2 turns
 10179 | D:9      | Reached skill level 1 in Invocations
 10248 | D:9      | Reached XP level 11. HP: 103/103 MP: 12/12
 10287 | Lair:1   | Entered Level 1 of the Lair of Beasts
 10287 | Lair:1   | Noticed Amaemon
 10428 | D:8      | Bought a scroll of magic mapping for 42 gold pieces
 10428 | D:8      | Bought a scroll of blinking for 90 gold pieces
 10536 | D:9      | Noticed a sun demon
 10614 | D:9      | Reached skill level 14 in Unarmed Combat
 10886 | D:8      | Killed Psyclone's ghost
 10886 | D:8      | Reached *** piety under Beogh
 11103 | D:9      | Killed Amaemon
 11476 | Lair:1   | Reached skill level 15 in Unarmed Combat
 11657 | Lair:1   | Noticed a seven-headed hydra
 11703 | Lair:1   | Killed a seven-headed hydra
 12536 | Lair:2   | Found a gate leading to a gauntlet.
 12547 | Gauntlet | Entered a Gauntlet
 12547 | Gauntlet | Found a transporter.
 12547 | Gauntlet | Found a transporter.
 12548 | Gauntlet | Noticed a death scarab
 12549 | Gauntlet | Found a transporter.
 12568 | Gauntlet | Found a transporter.
 12578 | Gauntlet | Noticed a tengu warrior
 12584 | Gauntlet | Found a transporter.
 12587 | Gauntlet | Found a transporter.
 12592 | Gauntlet | Noticed a green death
 12603 | Gauntlet | Found a transporter.
 12622 | Gauntlet | Found a transporter.
 12625 | Gauntlet | Found a transporter.
 12628 | Gauntlet | Found a transporter.
 12632 | Gauntlet | Noticed a tengu warrior
 12640 | Gauntlet | Found a transporter.
 12643 | Gauntlet | Found a transporter.
 12694 | Gauntlet | Noticed an obsidian statue
 12778 | Gauntlet | Paralysed by a floating eye for 3 turns
 12797 | Gauntlet | Reached skill level 5 in Invocations
 12824 | Gauntlet | Killed a tengu warrior
 12825 | Gauntlet | Reached XP level 12. HP: 97/115 MP: 15/15
 12960 | Gauntlet | Identified the ring "Deacrese" {Fire rElec Int+7 Dex+7}
 12984 | Gauntlet | Noticed a minotaur
 12994 | Gauntlet | Slain by a minotaur

Illustrated notes

Levels and vault maps discovered:
D:1:      dpeg_arrival_concentric_ovals, layout_basic, minmay_tripent
D:2:      cheibrodos_fertilizer, layout_basic,
          nicolae_ecumenical_snake_handling, minmay_misc_feat_four_crosses
D:3:      layout_basic, okawaru_metal_pillars_3, kennysheep_generic_room_14
D:4:      layout_basic, serial_shops, nicolae_shop_hallway_plus
D:5:      layout_basic, nicolae_sif_muna_little_library,
          lightli_ossuary_entry_decrepit_ruins
D:6:      layout_loops_ring, nicolae_overflow_crystal_walls
D:7:      layout_cave_pools, minmay_temple_entry_statues_fountains,
          feat_on_display, uniq_duvessa
D:8:      layout_gridville, mainiacjoe_overflow_brackets, serial_shops, shop,
          nicolae_shop_statue_plus, shop, nicolae_stop_n_shop_2,
          gammafunk_ghost_gnarly_gnolls
D:9:      layout_roguey, lair_entry_dummy
Temple:   mainiacjoe_temple_coin_purse
Lair:1:   layout_chaotic_city, uniq_amaemon
Lair:2:   layout_gridlike, enter_volcano_1, gauntlet_entry_generic,
          infiniplex_staircase_pool_2
Gauntlet: minmay_gauntlet_mixed_big_or_small
          [gammafunk_gauntlet_arena_split_diamond,
          minmay_gauntlet_arena_77_block_sizes,
          nicolae_gauntlet_arena_flowing_pool,
          minmay_gauntlet_arena_77_terracotta_army,
          gammafunk_gauntlet_arena_corners, minmay_gauntlet_arena_77_squiggly,
          dreamdust_gauntlet_exit_labyrinth]

Skill      XL: |  1  2  3  4  5  6  7  8  9 10 11 |
---------------+----------------------------------+-----
Fighting       | 4 5 7 8 10 11 13 | 13.2
Unarmed Combat | 4 5 6 7 9 11 13 15 | 15.7
Armour         | 1 2 3 |  3.0
Shields        | 2 4 |  4.0
Dodging        | 3 |  3.0
Invocations    | 2 5 |  5.0
Stealth        | |  1.5

Action                   |  1- 3 |  4- 6 |  7- 9 | 10-12 || total
-------------------------+-------+-------+-------+-------++-------
Melee: Unarmed           |   100 |   225 |   325 |   451 ||  1101
       Punch             |     2 |     6 |       |       ||     8
       Dagger            |       |       |    23 |       ||    23
Throw: Dart              |       |       |     3 |     5 ||     8
       Stone             |       |       |       |     1 ||     1
Invok: Convert to Beogh  |       |       |       |     1 ||     1
       Smiting           |       |       |       |     1 ||     1
Evoke: Wand              |       |       |       |     9 ||     9
  Use: Scroll            |     3 |       |     5 |     3 ||    11
       Potion            |       |       |     1 |     7 ||     8
 Stab: Distracted        |     1 |       |       |       ||     1
       Sleeping          |     2 |     5 |     3 |       ||    10
Armor: Robe              |     4 |       |    76 |   107 ||   187
       Leather armour    |    16 |    53 |     1 |       ||    70
       Skin              |       |       |     5 |    28 ||    33
Dodge: Dodged            |    45 |    84 |   114 |   336 ||   579
Block: Buckler           |       |    19 |    66 |   115 ||   200

Table legend: (Time is in decaauts)
 A = Elapsed time spent in this place.
 B = Non-inter-level travel time spent in this place.
 C = Inter-level travel time spent in this place.
 D = Time resting spent in this place.
 E = Time spent auto-exploring this place.
 F = Levels seen in this place.
 G = Mean time per level.
                   A        B        C        D        E       F      G
               +--------+--------+--------+--------+--------+-----+--------+
         Total |  12880 |  11471 |   1409 |   3013 |   4523 |  14 |  920.0 |
       Dungeon |  10532 |   9214 |   1318 |   2601 |   3882 |   9 | 1170.2 |
        Temple |     54 |     48 |      6 |      0 |      1 |   1 |   54.0 |
          Lair |   1089 |   1004 |     85 |     29 |    593 |   2 |  544.5 |
       Ossuary |    767 |    767 |      0 |    283 |     47 |   1 |  767.0 |
      Gauntlet |    436 |    436 |      0 |    100 |      0 |   1 |  436.0 |
               +--------+--------+--------+--------+--------+-----+--------+

Top non-repeatable levels by time:
     D:2: 1700 daAuts
     D:8: 1561 daAuts
     D:6: 1539 daAuts
     D:9: 1286 daAuts
     D:1: 1221 daAuts
  Lair:1: 1069 daAuts
     D:4: 980 daAuts
     D:7: 888 daAuts
     D:5: 787 daAuts
 Ossuary: 767 daAuts
     D:3: 565 daAuts
Gauntlet: 436 daAuts
  Temple: 54 daAuts
  Lair:2: 19 daAuts
